Cogmind - Beta 14 @@@ ROGUE MODE // 2024.09.18 @ 20:32:16 Player: Dull Result: Destroyed by ZY-N3S(R) with Subdweller Laser Performance ------------- Evolutions (0) 0 Regions Visited (2) 400 Robots Destroyed (25) 125 Value Destroyed (753) 753 Prototype IDs (0) 0 Alien Tech Used (0) 0 Bonus (0) 0 TOTAL SCORE: 1278 Bonus ------- None Cogmind --------- Core Integrity 0/250 Matter 266/300 Energy 170/170 System Corruption 0% Temperature Cool (30) Movement Rolling (110) Location -10/Subcaves Parts ------- > --- POWER (1) -------- Makeshift Power Source > --- PROPULSION (2) --- Subdweller Monowheel Subdweller Monowheel > --- UTILITY (2) ------ (None) > --- WEAPON (2) ------- Makeshift Laser Slug Cannon > --- INVENTORY (5) ---- Ion Engine Ion Engine Improved Terrain Scanner Battle Rifle Battle Cannon Peak State ------------ > --- POWER ------------ Makeshift Power Source > --- PROPULSION ------- Subdweller Monowheel Subdweller Monowheel > --- UTILITY ---------- Scrap Shield > --- WEAPON ----------- Makeshift Laser Slug Cannon > --- INVENTORY -------- Ion Engine Ion Engine Improved Terrain Scanner Battle Rifle Battle Cannon [Rating: 20] Favorites ----------- Power Makeshift Power Source Engine Makeshift Power Source Propulsion Light Treads Treads Light Treads Leg Aluminum Leg Wheel Subdweller Monowheel Utility Improved Terrain Scanner Device Improved Terrain Scanner Storage High-capacity Storage Unit Protection Scrap Shield Weapon Slug Cannon Energy Gun Makeshift Laser Energy Cannon Subdweller Beam Cannon Ballistic Gun Light Assault Rifle Ballistic Cannon Slug Cannon Launcher Grenade Launcher Special Weapon Mining Laser Build | -11 -10 -10 ------- Run | Yrd Mat Sub Slots Evolved . | . . . Power . | . . . Propulsion . | . . . Utility . | . . . Weapon . | . . . Parts Attached 25 | 3 4 18 Power 1 | . . 1 Engine 1 | . . 1 Core . | . . . Reactor . | . . . Propulsion 7 | 2 . 5 Treads 3 | 2 . 1 Leg . | . . . Wheel 4 | . . 4 Hover . | . . . Flight . | . . . Utility 7 | 1 2 4 Device 2 | 1 . 1 Storage 2 | . 2 . Processor . | . . . Hackware . | . . . Protection 3 | . . 3 Artifact . | . . . Weapon 10 | . 2 8 Energy Gun 1 | . . 1 Energy Cannon 1 | . . 1 Ballistic Gun 4 | . 1 3 Ballistic Cannon 2 | . . 2 Launcher 1 | . 1 . Special Weapon 1 | . . 1 Impact Weapon . | . . . Slashing Weapon . | . . . Piercing Weapon . | . . . Special Melee Weapon . | . . . Unidentified Prototypes . | . . . Parts Lost 3 | . . 3 Power . | . . . Propulsion 2 | . . 2 Utility 1 | . . 1 Weapon . | . . . Highest Loss Streak 1 | . . 1 To Critical Strikes . | . . . Average Slot Usage (%) 91 | . 100 88 Engine 14 | . 14 14 Treads 25 | . 28 24 Wheel 2 | . . 3 Device 9 | . 14 6 Storage 6 | . 14 3 Protection 4 | . . 7 Energy Gun 1 | . . 1 Energy Cannon 2 | . . 3 Ballistic Gun 15 | . 27 9 Ballistic Cannon 8 | . . 12 Peak Build Rating 20 | 9 10 20 Average Rating 13 | 7 9 15 On Entrance 8 | 6 9 10 Naked Turns . | . . . Heaviest Build 60 | 14 49 60 Greatest Support 40 | 40 40 40 Greatest Overweight (x) 2 | . 1 2 Average Overweight (x) . | . . . Largest Inventory Capacity 20 | 8 20 20 Average Capacity 10 | 8 13 8 Most Carried 20 | 6 14 20 Average Carried 8 | 4 9 7 Final Capacity 20 | 8 20 5 Final Carried 14 | 2 14 5 Class Distribution -------------------- 91% | Mutant 7% | Subdweller-Mutant Dominant Class ---------------- Mutant | -10/Materials Mutant | -10/Subcaves Resources | -11 -10 -10 ----------- Run | Yrd Mat Sub Matter Collected 1251 | 274 354 623 Remotely . | . . . Salvage Created 673 | 63 231 379 Parts 60 | 8 24 28 Haulers Intercepted 1 | . 1 . Recyclers Shooed 1 | . 1 . Parts Field Recycled . | . . . Retrieved Matter . | . . . Parts Self-Destructed 10 | . . 10 Prevented . | . . . Kills | -11 -10 -10 ------- Run | Yrd Mat Sub Combat Hostiles Destroyed 19 | . 7 12 Guns 8 | . 5 3 Cannons 9 | . . 9 AOE 2 | . 2 . Classes Destroyed 8 | 1 4 3 Tunneler 3 | 3 . . Hauler 1 | . 1 . Watcher 2 | . 2 . Swarmer 3 | . 3 . Grunt 6 | . 4 2 Sentry 1 | . . 1 Cobbler 1 | . . 1 Subdweller 9 | . . 9 Best Kill Streak 3 | 2 3 2 Combat Bots Only 3 | . 3 2 Max Kills in Single Turn 1 | 1 1 1 Gunslinging . | . . . Exploded 1 | . 1 . Melee . | . . . Uniques/NPCs Destroyed . | . . . Combat | -11 -10 -10 -------- Run | Yrd Mat Sub Hostile Shots Fired 90 | . 31 59 Missed 23 | . 8 15 Damage Taken 1130 | . 275 855 Core 267 | . 44 223 Absorbed by Shields . | . . . Redirected to Shielding 4 | . . 4 Core Remaining (%) 100 | 100 . . Volleys Fired 123 | 11 39 73 Largest 2 | 2 2 2 Hottest 128 | 40 40 128 Shots Fired 208 | 22 71 115 Gun 124 | 22 64 38 Cannon 73 | . . 73 Launcher 7 | . 7 . Special 4 | . . 4 Kinetic 173 | 22 64 87 Thermal 28 | . . 28 Explosive 7 | . 7 . Electromagnetic . | . . . Robot Hit Streak 24 | 3 14 24 Robot Miss Streak 4 | 4 4 1 Penetration Max . | . . . Secondary Targets 1 | . 1 . Max Gunslinging Chain 1 | . 1 . Shots Hit Robots 108 | 11 40 57 Core Hits 45 | 4 21 20 Critical Kills 4 | . . 4 Critical Parts Destroyed . | . . . Critical Strikes 8 | . . 8 Burn 2 | . . 2 Destroy 6 | . . 6 Melee Attacks . | . . . Impact . | . . . Slashing . | . . . Piercing . | . . . Sneak Attacks . | . . . Combat Hostiles . | . . . Follow-up Attacks . | . . . Damage Inflicted 1995 | 131 671 1193 Guns 1008 | 131 423 454 Cannons 739 | . . 739 Explosions 248 | . 248 . Melee . | . . . Ramming . | . . . Kinetic 1430 | 131 423 876 Thermal 317 | . . 317 Explosive 248 | . 248 . Electromagnetic . | . . . Impact . | . . . Slashing . | . . . Piercing . | . . . Highest Corruption . | . . . Average Corruption . | . . . Corruption Purged . | . . . Corruption Blocked . | . . . Overload Shots . | . . . Overflow Damage . | . . . Projectiles . | . . . Explosions . | . . . Melee . | . . . Knockbacks 5 | . . 5 Impact . | . . . Kinetic 5 | . . 5 Secondary . | . . . Self-Inflicted Damage . | . . . Shots . | . . . Rammed . | . . . Targets Rammed . | . . . Kicked . | . . . Crushed . | . . . Highest Temperature 75 | . 30 75 Average Temperature 20 | . 10 23 Received Heat Transfer 393 | . 117 276 Siege Activations . | . . . Robots Corrupted . | . . . Combat Hostiles . | . . . Parts Fried . | . . . Impact Corruptions . | . . . Robots Melted . | . . . Combat Hostiles . | . . . Parts Melted 1 | . . 1 Heat Transferred 666 | . . 666 Parts Sabotaged . | . . . Parts Stolen . | . . . Parts Stripped . | . . . Power Chain Reactions . | . . . Alert | -11 -10 -10 ------- Run | Yrd Mat Sub Peak Influence 250 | 15 250 . Initial 9 | . 9 . Average 80 | 6 84 . Maximum Alert Level 1 | . 1 . Low Security (%) 89 | 100 89 . Level 1 10 | . 10 . Level 2 . | . . . Level 3 . | . . . Level 4 . | . . . Level 5 . | . . . High Security . | . . . Max Security . | . . . Squads Dispatched 1 | . 1 . Investigation 1 | . 1 . Extermination . | . . . Reinforcement . | . . . Assault . | . . . Garrison . | . . . Intercept . | . . . Searches Triggered . | . . . Construction Impeded . | . . . Haulers Reinforced . | . . . Active Scanning Responses . | . . . Cargo Convoy Interrupts . | . . . Stealth | -11 -10 -10 --------- Run | Yrd Mat Sub Distress Signals 1 | . 1 . Communications Jammed . | . . . Distress Signals . | . . . Times Spotted 33 | . 19 14 Peak Tracking Total 5 | . 5 3 Tactical Retreats . | . . . Traps | -11 -10 -10 ------- Run | Yrd Mat Sub Traps Triggered . | . . . Indirectly . | . . . Trap Hack Attempts . | . . . Triggered . | . . . Disarmed 6 | . 6 . Reprogrammed . | . . . Reused . | . . . Traps Extracted . | . . . Installed . | . . . Triggered . | . . . Machines | -11 -10 -10 ---------- Run | Yrd Mat Sub Machines Disabled 2 | . 2 . Max in Single Turn 1 | . 1 . Machines Repaired . | . . . Machines Dismantled . | . . . Machines Sabotaged . | . . . Overloaded Fab Kills . | . . . Hacking | -11 -10 -10 --------- Run | Yrd Mat Sub Machines Accessed 11 | . 10 1 Terminals 8 | . 8 . Fabricators . | . . . Repair Stations . | . . . Recycling Units 2 | . 2 . Scanalyzers . | . . . Garrison Access . | . . . Total Hacks 31 | . 26 5 Successful 20 | . 15 5 Failed 11 | . 11 . Catastrophic 2 | . 2 . Database Lockouts . | . . . Manual 24 | . 24 . Terminals 22 | . 22 . Fabricators . | . . . Repair Stations . | . . . Recycling Units 4 | . 4 . Scanalyzers . | . . . Garrison Access . | . . . Terminal Hacks 11 | . 6 5 Record 5 | . . 5 Robot Analysis 5 | . 5 . Disarm Traps 1 | . 1 . Fabricator Hacks . | . . . Repair Station Hacks . | . . . Recycling Unit Hacks . | . . . Scanalyzer . | . . . Garrison Access Hacks . | . . . Unauthorized Hacks 9 | . 9 . Terminals 7 | . 7 . Botnet 7 | . 7 . Fabricators . | . . . Repair Stations . | . . . Recycling Units 2 | . 2 . Mask 2 | . 2 . Scanalyzers . | . . . Garrison Access . | . . . Data Cores Recovered . | . . . Used . | . . . Hacking Detections 8 | . 8 . Full Trace Events 3 | . 3 . Feedback Events . | . . . Feedback Blocked . | . . . Robot Schematics Acquired . | . . . Robots Built . | . . . Authchips . | . . . Time . | . . . Total Robot Build Rating . | . . . Part Schematics Acquired . | . . . Parts Built . | . . . Authchips . | . . . Time . | . . . Total Part Build Rating . | . . . Parts Repaired . | . . . Time . | . . . Parts Recycled . | . . . Recycled Matter . | . . . Retrieved Matter . | . . . Retrieved Components . | . . . Parts Scanalyzed . | . . . Part Schematics Acquired . | . . . Parts Damaged . | . . . Bothacking | -11 -10 -10 ------------ Run | Yrd Mat Sub Used RIF Installer . | . . . Robots Hacked . | . . . Non-combat . | . . . Combat . | . . . Robot Hacks Applied . | . . . Relay Couplers Released . | . . . Fabnet Peak Effective % . | . . . Robots Rewired . | . . . Allies Hacked . | . . . Hacks Repelled . | . . . Allies | -11 -10 -10 -------- Run | Yrd Mat Sub Total Allies . | . . . Largest Group . | . . . Highest-Rated Group . | . . . Highest-Rated Ally . | . . . Total Orders . | . . . Ally Attacks . | . . . Total Damage . | . . . Kills . | . . . Allies Corrupted . | . . . Allies Melted . | . . . Intel | -11 -10 -10 ------- Run | Yrd Mat Sub Robot Analysis Total 5 | . 5 . Derelict Logs Recovered . | . . . Drone Launches . | . . . Drone Recoveries . | . . . Exploration | -11 -10 -10 ------------- Run | Yrd Mat Sub Turns Passed 5244 | 88 1604 3552 Spaces Moved 2027 | 37 742 1248 Core . | . . . Treads 1675 | 19 742 914 Legs 18 | 18 . . Wheels 334 | . . 334 Hover . | . . . Flight . | . . . Fastest Speed 110 | 120 160 110 Average Speed 174 | 140 189 167 Slowest Speed 320 | 160 240 320 Overloaded Moves . | . . . Propulsion Burnouts . | . . . Robots Hopped . | . . . Cave-ins Triggered . | . . . Exploration Rate (%) 51 | 3 98 53 Regions Visited 2 Branch Regions 1 Pre-discovered Areas 1 | . . 1 Known Exits Taken . | . . . Unknown Exits Taken 2 | 1 1 . Scrap Searched 10 | . . 10 Spaces Dug . | . . . Terrain Destroyed 63 | . 55 8 Melee . | . . . Projectile 8 | . . 8 AOE 55 | . 55 . Terrain Rammed . | . . . Walls Destroyed . | . . . Machines Disabled . | . . . Actions | -11 -10 -10 --------- Run | Yrd Mat Sub Total 3531 | 54 883 2594 Wait 1301 | . 77 1224 Move 2025 | 36 741 1248 Hop . | . . . Pick Up 29 | . 16 13 Fast Attach 5 | 1 . 4 Attach 3 | . . 3 Detach . | . . . Swap 17 | 2 4 11 Drop 24 | 4 6 14 Fire 123 | 11 39 73 Melee . | . . . Ram . | . . . Kick . | . . . Crush . | . . . Escape Stasis . | . . . Rewire . | . . . Trap . | . . . Miscellaneous 4 | . . 4 Route ------- -11/Scrapyard -10/Materials (discovered 6 exits: [*Mat x3] / [*Min x2] / *Sub) -10/Subcaves (discovered 3 exits: [*Mat x2] / Rec) History --------- Turn | Location | Event 1 | -11/Scrapyard | Discovered new exit (range 3) 89 | -11/Scrapyard | Entered Materials 311 | -10/Materials | Build established: Mutant 451 | -10/Materials | Discovered new exit (range 4) 537 | -10/Materials | Discovered new exit (range 16) 604 | -10/Materials | Discovered new exit (range 8) 680 | -10/Materials | Discovered new exit (range 16) 716 | -10/Materials | Discovered new exit (range 12) 1246 | -10/Materials | Discovered new exit (range 8) 1693 | -10/Materials | Entered Subcaves 1800 | -10/Subcaves | A swath of the cavern ceiling suddenly collapsed 1843 | -10/Subcaves | Discovered new exit (range 6) 2091 | -10/Subcaves | Discovered new exit (range 5) 2134 | -10/Subcaves | Shifting Twisted Machinery released Sub. Machine Gun 2234 | -10/Subcaves | Ambushed by angry Subdweller bent on revenge 2238 | -10/Subcaves | Core integrity fell below 50% 2489 | -10/Subcaves | Disturbed a concealed Subdweller 3468 | -10/Subcaves | A swath of the cavern ceiling suddenly collapsed 4761 | -10/Subcaves | Disturbed a concealed Subdweller 4801 | -10/Subcaves | Disturbed a concealed Subdweller 4808 | -10/Subcaves | Core integrity fell below 20% 4941 | -10/Subcaves | Visited Clippyterm 4944 | -10/Subcaves | Identified exit to Recycling 4944 | -10/Subcaves | Learned location of Extension (-6) 5233 | -10/Subcaves | A Subdweller sparked back to life 5233 | -10/Subcaves | A Subdweller sparked back to life 5233 | -10/Subcaves | A Subdweller sparked back to life 5245 | -10/Subcaves | Destroyed by ZY-N3S(R) with Subdweller Laser Last Messages --------------- 04986_ Sub. Monowheel shoots sparks and powers down. 04987_ Dropped Broken Sub. Monowheel. 05042_ Acquired Sub. Monowheel. 05119_ K9-Y77(u) tweaks Twisted Machinery. 05128_ Slug penetrates Twisted Machinery. 05150_ K9-Y77(u) tweaks Twisted Machinery. 05200_ Critical hit (Burn: +37). 05202_ Y-45 Defender suffers critical hit (Destroy). 05202_ Y-45 Defender destroyed. 05205_ Acquired 37 matter. 05208_ Heat Sink fries itself beyond repair. 05208_ Lgt. Treads fries itself beyond repair. 05233_ CH-KMF(R) creaks and sparks as it begins to move. 05233_ ZY-N3S(R) creaks and sparks as it begins to move. 05233_ MW-QTF(R) creaks and sparks as it begins to move. 05233_ MW-QTF(R) destroyed. 05235_ Critical hit (Destroy). 05239_ CH-KMF(R) knocked back. 05241_ Scrap Shield destroyed. 05242_ CH-KMF(R) suffers critical hit (Burn). Map ----- +----------------------------------------------------+ | ???????????????????????????????????????????????? | | ???????????????????????????????????????????????? | | ???????????????????????????????????????????????? | | ???????????????????????????????????????????????? | | ???????????????????????????????????????????????? | | ???????????????????????????????????????????????? | | ???????????????????????????????????????????????? | | ???????????????????????????????????????????????? | | ???????????????????????????????????????????????? | | ???????????????????????????????????????????????? | | ???????????????????????????????????????????????? | | ???????????????????????????????????????????????? | | ???????????????????????????????????????????????? | | ???????????????????????????????????????????????? | | ???????????????????????????????????????????????? | | ????????????????????###????????????????????????? | | ????????????????????# ##???????????????????????? | | ???????????????????? ##??????????????????????? | | ????????????????????# ???????????????????????? | | ????????????????????# #?????????????????####### | | ???????????????????## ##??##????????????#"""""# | | ??????????????????## <##;##???????###?#""X""# | | ??????????????????# R ## ###???## ###" "# | | ?????????????????## % < ###?# #### ### | | ????????????????## *&!R % ### ??## ### | | ????????????????# #%&@ <#### ?# #### # | | ????????????????## [## & #?## ## ## | | ???????????????## #< ##?# | | ???????????????# ## #?## | | ???????????????# ## ### # ### | | ???????????????# ###### | | ??????????????## ## ##??# | | ??????????????# ## # ##?## | | ??????????????# ## ### #??# | | ??????????????## ## ####?###### #??# | | ???????????????# # ##?????????# #??# | | ???????????????# ###?????????## #??# | | ??????????????## #???????????# #??# | | ??????????????# ##???????????### ####??# | | ??????????????## ####??######### #?????# | | ??????????????# ## #### # " #### ##????# ## | | ??????????????# """"""""### #????##?? | | ??????????????## * " """"## "##??????? | | ???????????????# ## % # ### # """" #" ##?????? | | ???????????????######"###?### """ """" ##???## | | ????????????????????#### ###" """" ## #??## | | ??????????????????????# "" """#""####??# # | | ??????????????????????# """ """"####?????### | | ??????????????????????## """#### #??????????? | | ???????????????????????##"""#???#####??????????? | +----------------------------------------------------+ Best States ------------- Heat Dissipation 25 Energy Generation 15 Energy Capacity 250 Matter Stores 300 Matter Capacity 300 Sight Range 16 Terrain Scan Range 16 Terrain Scan Density 10 Armor Coverage 800 Core Shielding 20 Evasion (%) 55 Recoil Reduction 2 Item Schematics ----------------- None Robot Schematics ------------------ None Fabricated ------------ Nothing Alien Tech Used ----------------- None Achievements -------------- None Challenges ------------ None Game ------ Seed FusionResetLance Manual? 0 Play Time 00:21:30 Cumulative 113.6 hours Start 2024.09.18 @ 20:11:58 End 2024.09.18 @ 20:32:16 Sessions 1 Manual Loads 0 Difficulty Rogue Special Mode None Game No. 165 Rogue 165 Adventurer 0 Explorer 0 Win Type - Total 1 Types 1/0/0/0/0/0/0/0/0 Lore% 26 Gallery% 57 Achievement% 45 Wizard Run 0 Options --------- Layout 0 ASCII 0 Keyboard 0 Movement Mouse Keybinds 1 Fullscreen 1 Font 18/TerminusBold Map View 76x50 Zoom Use 0% Tactical HUD 1 Map Filters NONE Filters NONE Steam 1 RUN: b8012354-f712-49b5-ac67-0c4242a266aa